 Dungeon Sprint DCSS version 0.31-a0-1074-g0b22e4e0f1 (webtiles) character file.

Game seed: 16297221171209852531

1005 rocky1 the Unseen (level 8, 0/51 HPs)
             Began as a Kobold Brigand on Dec 1, 2023.
             Was a Priest of Cheibriados.
             Succumbed to a killer bee's poison
             ... in the Dungeon (Sprint IV: "Fedhas' Mad Dash").
             The game lasted 00:04:29 (1773 turns).

rocky1 the Unseen (Kobold Brigand)                  Turns: 1773, Time: 00:04:29

Health: 0/51       AC:  3    Str: 15    XL:     8   Next: 44%
Magic:  8/8        EV: 18    Int: 19    God:    Cheibriados [***...]
Gold:   122        SH:  0    Dex: 26    Spells: 7/7 levels left

rFire   . . .        l - +0 rapier
rCold   . . .        (no shield)
rNeg    . . .        b - +0 robe
rPois   .            (no helmet)
rElec   .            c - +0 cloak
rCorr   .            (no gloves)
SInv    .            (no boots)
Will    .....        f - amulet of invisibility {+Inv}
Stlth   +++++++++    (no ring)
HPRegen 0.28/turn    (no ring)
MPRegen 0.11/turn

%: no teleportation
@: lethally poisoned (0 -> -5), very slightly contaminated, very slow
A: small, no large weapons, nightstalker 3
a: Renounce Religion, Evoke Invisibility, Bend Time, Temporal Distortion


You were in the Dungeon.
You worshipped Cheibriados.
Cheibriados was most pleased with you.
You visited 1 branch You collected 122 gold pieces.

Inventory:

Hand Weapons
 a - a +2 dagger
 l - a +0 rapier (weapon)
Missiles
 d - 9 poisoned darts (quivered)
 e - 3 curare-tipped darts
Armour
 b - a +0 robe (worn)
 c - a +0 cloak (worn)
Jewellery
 f - the amulet of invisibility (around neck) {+Inv}
   (You found it in the Dungeon)

   [amulet of nothing]

   +Inv:      It lets you turn invisible.
Potions
 g - a potion of heal wounds
 h - a potion of haste
 i - 2 potions of magic
 j - a potion of enlightenment {unknown}


   Skills:
 + Level 5.8 Fighting
 + Level 8.0 Short Blades
 - Level 4.2 Throwing
 + Level 4.7 Dodging
 * Level 19.2 Stealth
 - Level 7.1 Evocations


You had 7 spell levels left.
You didn't know any spells.
Your spell library contained the following spells:

 Spells                   Type           Power      Damage    Failure   Level
 Simulacrum               Ice/Necr       0%         N/A       100%        6
 Ozocubu's Refrigeration  Ice            0%         4d7       100%        7
 Polar Vortex             Ice            0%         N/A       100%        9


Dungeon Overview and Level Annotations

Branches:
Dungeon (1/1)

Altars:
Cheibriados
Dithmenos
Elyvilon
Gozag
Hepliaklqana
Kikubaaqudgha
Makhleb
Nemelex Xobeh
Okawaru
Qazlal
Ru
Sif Muna
Trog
Uskayaw
Vehumet
Wu Jian
Xom
Yredelemnul
Zin
The Shining One
Jiyva
Lugonu

Shops:
D ([?[


Innate Abilities, Weirdness & Mutations

You are small and have problems with some larger weapons.
You are completely attuned to the shadows.


Message History

The killer bee closely misses you. The killer bee stings you.
The killer bee closely misses you. The killer bee misses you.
Unknown command.
The killer bee barely misses you. x2; The killer bee closely misses you.
The killer bee misses you. The queen bee closely misses you.
The killer bee barely misses you. x2; The killer bee stings you. x3
The killer bee misses you. The killer bee closely misses you.
The killer bee misses you.
The queen bee calls on the killer bee to defend it!
The killer bee goes berserk!
The queen bee calls on something to defend it!
The killer bee stings you.
You are poisoned.
The killer bee poisons you!
Okay, then.
You hit the killer bee.
The killer bee is moderately wounded.
You feel sick. The killer bee stings you!
You are more poisoned.
The killer bee poisons you! The killer bee misses you.
The queen bee calls on something to defend it!
Unknown command.
Blink to where?
Press: ? - help, Dir - move target You can't see that place. [an open door.]
Okay, then.
Blink to where?
Press: ? - help, Dir - move target
As you read the scroll of blinking, it crumbles to dust.
You feel sick.
You feel very sick.
The killer bee rages.
The killer bee completely misses you. The killer bee misses you.
The killer bee completely misses you. The killer bee stings you!
* * * LOW HITPOINT WARNING * * *
The killer bee stings you.
* * * LOW HITPOINT WARNING * * *
Unknown command.
You die...

##############################
#<..P#.....#.....#.⌠._._._._.⌠
#PP..'†)...'.#(..'.._._._._._.
#PPPP#.....#.#...#..._._._._..
###############'##.._._._._._.
#...♣.y...yy.@...#._._._._._.⌠
#....y.♣.y.y.#...#############
#.....♣..♣..######
##+####+#####


You could see 4 killer bees.

Vanquished Creatures
  A burning bush (D)
  2 wandering mushrooms (D)
  3 scorpions (D)
  4 oklob saplings (D)
  2 spriggans (D)
  A river rat (D)
  A rat (D)
14 creatures vanquished.

Notes
Turn   | Place    | Note
-------+----------+-------------------------------------------
     0 | D        | rocky1 the Kobold Brigand began the quest for the Orb.
     0 | D        | Reached XP level 1. HP: 12/12 MP: 1/1
    10 | D        | Reached skill level 7 in Stealth
    10 | D        | Reached XP level 2. HP: 15/18 MP: 2/2
   143 | D        | Noticed an oklob sapling
   145 | D        | Killed an oklob sapling
   146 | D        | Reached skill level 9 in Stealth
   146 | D        | Reached XP level 3. HP: 23/23 MP: 3/3
   148 | D        | Noticed a scorpion
   148 | D        | Found the amulet of invisibility {+Inv}
   162 | D        | Killed a scorpion
   163 | D        | Reached skill level 11 in Stealth
   163 | D        | Reached XP level 4. HP: 14/28 MP: 4/4
   332 | D        | Reached skill level 1 in Evocations
   332 | D        | Reached XP level 5. HP: 33/33 MP: 5/5
   467 | D        | Found an opulent altar of Gozag.
   467 | D        | Found a sacrificial altar of Ru.
   468 | D        | Found a burning altar of Makhleb.
   468 | D        | Found an ornate altar of the Wu Jian Council.
   468 | D        | Found a shimmering altar of Xom.
   469 | D        | Found a hazy altar of Hepliaklqana.
   469 | D        | Found a shimmering blue altar of Sif Muna.
   470 | D        | Found a sparkling altar of Nemelex Xobeh.
   470 | D        | Found a snail-covered altar of Cheibriados.
   470 | D        | Found a basalt altar of Yredelemnul.
   471 | D        | Found a viscous altar of Jiyva.
   471 | D        | Found a bloodstained altar of Trog.
   472 | D        | Found an iron altar of Okawaru.
   472 | D        | Found a shadowy altar of Dithmenos.
   472 | D        | Found a glowing silver altar of Zin.
   473 | D        | Found an ancient bone altar of Kikubaaqudgha.
   473 | D        | Found a hide-covered altar of Uskayaw.
   474 | D        | Found a stormy altar of Qazlal.
   474 | D        | Found a white marble altar of Elyvilon.
   474 | D        | Found a glowing golden altar of the Shining One.
   476 | D        | Reached skill level 5 in Short Blades
   476 | D        | Reached skill level 12 in Stealth
   476 | D        | Found a corrupted altar of Lugonu.
   476 | D        | Found a radiant altar of Vehumet.
   481 | D        | Became a worshipper of Cheibriados the Contemplative
   792 | D        | Reached skill level 13 in Stealth
   792 | D        | Reached XP level 6. HP: 15/39 MP: 6/6
  1092 | D        | Reached * piety under Cheibriados
  1094 | D        | Reached skill level 14 in Stealth
  1318 | D        | Found Fugokop's Armour Shop.
  1318 | D        | Found Piuhideo's Antique Weapon Emporium.
  1332 | D        | Noticed a burning bush
  1332 | D        | Noticed a wandering mushroom
  1333 | D        | Noticed a wandering mushroom
  1334 | D        | Reached ** piety under Cheibriados
  1335 | D        | Reached skill level 5 in Fighting
  1335 | D        | Reached skill level 15 in Stealth
  1335 | D        | Reached skill level 5 in Evocations
  1336 | D        | Killed a wandering mushroom
  1337 | D        | Reached skill level 17 in Stealth
  1337 | D        | Reached XP level 7. HP: 44/44 MP: 7/7
  1338 | D        | Killed a wandering mushroom
  1338 | D        | Reached *** piety under Cheibriados
  1339 | D        | Reached skill level 18 in Stealth
  1339 | D        | Reached XP level 8. HP: 51/51 MP: 8/8
  1359 | D        | Killed a burning bush
  1360 | D        | Reached skill level 19 in Stealth
  1698 | D        | Found Tih Ycu's Armour Emporium.
  1698 | D        | Found Tow Pios's Magic Scroll Shoppe.
  1763 | D        | Noticed a queen bee
  1772 | D        | HP: 1/51 [killer bee (5)]
  1773 | D        | Succumbed to a killer bee's poison

Illustrated notes

Levels and vault maps discovered:
D:        dungeon_sprint_fedhas [sprint_temple]

Skill      XL: |  1  2  3  4  5  6  7  8 |
---------------+-------------------------+-----
Short Blades   | 3 4 5 6 7 8 |  8.0
Stealth        | 7 9 11 13 17 18 19 | 19.2
Fighting       | 3 4 5 |  5.8
Throwing       | 3 4 |  4.2
Dodging        | 2 3 4 |  4.7
Evocations     | 1 3 5 6 7 |  7.1

Action                     |  1- 3 |  4- 6 |  7- 9 || total
---------------------------+-------+-------+-------++-------
  Melee: Dagger            |    15 |     7 |       ||    22
         Rapier            |       |     2 |    24 ||    26
  Throw: Dart              |     2 |       |       ||     2
Ability: Evoke Invisibilit |       |     5 |     1 ||     6
    Use: Potion            |     2 |       |       ||     2
         Scroll            |       |       |     1 ||     1
   Stab: Sleeping          |     1 |     6 |     1 ||     8
         Invisible         |       |     2 |       ||     2
 Armour: Robe              |     9 |     2 |    11 ||    22
  Dodge: Dodged            |     6 |       |    21 ||    27

Table legend: (Time is in decaauts)
 A = Elapsed time spent in this place.
 B = Non-inter-level travel time spent in this place.
 C = Inter-level travel time spent in this place.
 D = Time resting spent in this place.
 E = Time spent auto-exploring this place.
 F = Levels seen in this place.
 G = Mean time per level.
                   A        B        C        D        E       F      G
               +--------+--------+--------+--------+--------+-----+--------+
         Total |   1830 |   1830 |      0 |   1512 |      0 |   1 | 1830.0 |
       Dungeon |   1830 |   1830 |      0 |   1512 |      0 |   1 | 1830.0 |
               +--------+--------+--------+--------+--------+-----+--------+

Top non-repeatable levels by time:
       D: 1830 daAuts
